 Dungeon Crawl Stone Soup version 0.17-a0-957-ga3519be (webtiles) character file.

1543 oplop the Ruffian (level 8, -15/80 HPs)
             Began as a Troll Transmuter on May 7, 2015.
             Demolished by an orc warrior
             ... wielding a +0 halberd
              (23 damage)
             ... on level 6 of the Dungeon.
             The game lasted 00:09:24 (4593 turns).

oplop the Ruffian (Troll Transmuter)                Turns: 4593, Time: 00:09:24

Health: -15/80     AC:  8    Str: 16 (19) XL:     8   Next: 56%
Magic:  8/8        EV: 11    Int: 10      God:
Gold:   296        SH:  0    Dex: 11      Spells: 1 memorised, 8 levels left

rFire  . . .     SeeInvis .       - Unarmed
rCold  . . .     Clarity  .     u - +2 robe {MR+}
rNeg   . . .     SustAb   .     (no shield)
rPois  .         Gourm    +     (helmet restricted)
rElec  .         Spirit   .     E - +0 cloak
rCorr  .         Warding  .     (gloves unavailable)
rMut   +         Stasis   .     (boots unavailable)
MR     ++...                    m - amulet of resist mutation
Stlth  +.........               B - ring of protection from magic
                                o - ring of wizardry

@: lethally poisoned (-15 -> -16), very resistant to hostile enchantments, very
unstealthy
A: unfitting armour, claws 3, fast metabolism 3, gourmand, regeneration 2,
shaggy fur 1, tough skin 2
a: no special abilities


You were on level 6 of the Dungeon.
You were very full.

You visited 2 branches of the dungeon, and saw 7 of its levels.

You collected 316 gold pieces.
You spent 20 gold pieces at shops.

Inventory:

Missiles
 a - 93 arrows
 q - a throwing net (quivered)
 A - 23 poisoned arrows
Armour
 b - a +0 robe
 u - a +2 robe of magic resistance (worn)
 E - a +0 cloak (worn)
Jewellery
 m - an amulet of resist mutation (around neck)
 o - a ring of wizardry (left claw)
 y - a +1 ring of evasion
 B - a ring of protection from magic (right claw)
Scrolls
 e - 2 scrolls of enchant weapon {unknown}
 f - 4 scrolls of remove curse {unknown}
 g - a scroll of random uselessness {unknown}
 h - 6 scrolls of identify {unknown}
 i - 3 scrolls of teleportation {unknown}
 l - a scroll of recharging {unknown}
 p - a scroll of immolation {unknown}
 t - a scroll of blinking {unknown}
 z - a scroll of enchant armour {unknown}
 G - a scroll of noise {unknown}
Potions
 k - a potion of flight
 n - 2 potions of brilliance {unknown}
 s - a potion of ambrosia {unknown}
 v - 2 potions of degeneration
 w - a potion of resistance {unknown}
 C - a potion of agility {unknown}
 D - a potion of curing {unknown}
 H - a potion of might {unknown}
Books
 c - a book of Changes

   Spells                             Type                      Level
   a - Beastly Appendage              Transmutation                1
   b - Sticks to Snakes               Transmutation                2
   c - Spider Form                    Transmutation/Poison         3
   d - Ice Form                       Ice/Transmutation            4
   e - Blade Hands                    Transmutation                5
Comestibles
 d - 6 bread rations
 j - 3 meat rations
 r - a royal jelly
 x - a beef jerky
 F - 3 chunks of flesh


   Skills:
 + Level 5.2 Fighting
 + Level 5.1 Dodging
 + Level 7.1 Unarmed Combat
 - Level 1.2 Spellcasting
 - Level 1.5 Transmutations


You had 8 spell levels left.
You knew the following spells:

 Your Spells              Type           Power        Failure   Level  Hunger
a - Beastly Appendage     Trmt           #.....       9%          1    ##.....


Dungeon Overview and Level Annotations

Branches:
Dungeon (6/15)             Temple (1/1) D:5

Altars:
Ashenzari
Dithmenos
Fedhas
Kikubaaqudgha
Nemelex Xobeh
Okawaru
Qazlal
Ru
Sif Muna
Trog
Vehumet
Xom

Shops:
D:4 [


Innate Abilities, Weirdness & Mutations

You are too large for most types of armour.
You have claws for hands.
Your metabolism is lightning-fast.
You like to eat raw meat.
You heal very quickly.
You are covered in fur (AC +1).
You have very tough skin (AC +2).


Message History

Unknown command.
You barely miss the orc warrior.
The orc warrior is almost dead.
The orc warrior hits you with a halberd!
* * * LOW HITPOINT WARNING * * *
Unknown command.
You barely miss the orc warrior.
The orc warrior is almost dead.
You feel sick.
Unknown command.
Unknown command.
Drink which item? (? for menu, Esc to quit)
It was a potion of degeneration.
There was something very wrong with that liquid.
You feel weakened.
You feel sick. The orc warrior closely misses you.
You barely miss the orc warrior.
The orc warrior is almost dead.
The orc warrior hits you with a halberd!!
You die...

## #.# . ## . #.#### ........
.. ... #.#.. ......... ..
...K #.#.## .......... ..
.....####.#..##...........###
.... ........................
)....##.#.##@................
.........K.)o..?.............
....##.######.##### #.....).
. #.#.# ... #......[ #...#
### ......### ###.# #..
......... #.# #.###......###
########.## # #.#..<......##
#.........###.#.#.#.####....


You could see an orc warrior (bleeding) and a kobold.

Vanquished Creatures
  Sigmund (D:2)
  The ghost of ImmaFairy the Changer, an average FoTm (D:4)
  2 centaurs (D:5)
  A giant frog (D:6)
  6 scorpions
  A water moccasin skeleton (D:4)
  2 crimson imps
  A giant frog skeleton (D:3)
  An orc priest (D:4)
  Jessica (D:2)
  Terence (D:2)
  2 hounds (D:4)
  3 orc wizards (D:4)
  5 worker ants
  A hound skeleton (D:6)
  11 adders
  A gnoll (D:1)
  3 worms
  6 giant geckos
  26 orcs
  A bat skeleton (D:5)
  A bat zombie (D:5)
  4 giant cockroaches
  11 goblins
  13 hobgoblins
  4 jackals (D:6)
  A quokka (D:5)
  A ball python skeleton (D:6)
  19 bats
  5 giant newts
  A jackal skeleton (D:6)
  8 kobolds
  14 rats
159 creatures vanquished.

Vanquished Creatures (others)
  2 fungi (D:4)
2 creatures vanquished.

Grand Total: 161 creatures vanquished

Notes
Turn   | Place    | Note
--------------------------------------------------------------
     0 | D:1      | oplop, the Troll Transmuter, began the quest for the Orb.
     0 | D:1      | Reached XP level 1. HP: 18/18 MP: 1/1
   124 | D:1      | Reached XP level 2. HP: 14/26 MP: 2/2
   195 | D:1      | Reached skill level 1 in Fighting
   634 | D:2      | Noticed Terence
   639 | D:2      | Killed Terence
   639 | D:2      | Reached XP level 3. HP: 33/33 MP: 3/3
   660 | D:2      | Reached skill level 4 in Unarmed Combat
   660 | D:2      | Reached XP level 4. HP: 31/42 MP: 4/4
   774 | D:2      | Found a deep blue altar of Sif Muna.
   897 | D:2      | Noticed Jessica
   914 | D:2      | Killed Jessica
  1000 | D:2      | Noticed Sigmund
  1021 | D:2      | Killed Sigmund
  1021 | D:2      | Reached XP level 5. HP: 15/52 MP: 5/5
  1021 | D:2      | Reached XP level 6. HP: 17/59 MP: 6/6
  1669 | D:3      | Found a bloodstained altar of Trog.
  1687 | D:3      | Found a sparkling altar of Nemelex Xobeh.
  1688 | D:3      | Found a shattered altar of Ashenzari.
  1690 | D:3      | Found a stormy altar of Qazlal.
  1693 | D:3      | Found a shimmering altar of Xom.
  1774 | D:3      | Reached skill level 5 in Unarmed Combat
  2187 | D:4      | Found Baurph's Antique Armour Boutique.
  2197 | D:4      | Bought an embroidered robe for 20 gold pieces
  2280 | D:4      | Reached XP level 7. HP: 59/67 MP: 7/7
  2374 | D:4      | Noticed ImmaFairy's ghost (average FoTm)
  2382 | D:4      | Killed ImmaFairy's ghost
  2586 | D:4      | Reached skill level 6 in Unarmed Combat
  2708 | D:4      | Reached XP level 8. HP: 77/79 MP: 8/8
  3193 | D:5      | Entered Level 5 of the Dungeon
  3217 | D:5      | Found a staircase to the Ecumenical Temple.
  3302 | Temple   | Entered the Ecumenical Temple
  4392 | D:6      | Reached skill level 5 in Fighting
  4466 | D:6      | Reached skill level 5 in Dodging
  4481 | D:6      | Reached skill level 7 in Unarmed Combat
  4593 | D:6      | Demolished by an orc warrior

Action                   |  1- 3 |  4- 6 |  7- 9 || total
-------------------------+-------+-------+-------++-------
Melee: Unarmed           |    64 |   129 |   260 ||   453
  Use: Potion            |     1 |       |     1 ||     2
 Stab: Sleeping          |       |     1 |     1 ||     2
  Eat: Chunk             |     1 |    25 |    21 ||    47
